 Dungeon Crawl Stone Soup version 0.30-a0-613-gdd512c7efb (webtiles) character file.

Game seed: 10890724109439825828

8141 themarg the Martial Artist (level 11, -3/83 HPs)
             Began as a Gnoll Transmuter on Jan 9, 2023.
             Was an Elder of Nemelex Xobeh.
             Shot with an arrow by a centaur warrior (19 damage)
             ... on level 9 of the Dungeon.
             The game lasted 00:26:37 (9077 turns).

themarg the Martial Artist (Gnoll Transmuter)       Turns: 9077, Time: 00:26:37

Health: -3/83      AC:  2    Str:  9    XL:     11   Next: 26%
Magic:  20/23      EV: 26    Int: 16    God:    Nemelex Xobeh [****..]
Gold:   755        SH:  0    Dex: 19    Spells: 16/26 levels left

rFire   . . .      SeeInvis .      - Unarmed
rCold   . . .      Faith    .    (shield currently unavailable)
rNeg    . . .      Spirit   .    (body armour currently unavailable)
rPois   x          Reflect  .    (helmet currently unavailable)
rElec   .          Harm     .    (cloak currently unavailable)
rCorr   .          Rampage  .    (gloves currently unavailable)
Will    .....                    (boots currently unavailable)
Stlth   ++++                     (no amulet)
HPRegen 0.33/turn                (no ring)
MPRegen 0.18/turn                (no ring)

@: spider-form
A: venomous fangs, tiny, (fangs 1), strong nose, distributed training
a: End Transformation, Renounce Religion, Draw Escape, Draw Destruction, Draw
Summoning, Triple Draw, Deal Four


You were on level 9 of the Dungeon.
You worshipped Nemelex Xobeh.
Nemelex Xobeh was greatly pleased with you.
You were a venomous arachnid creature.
You visited 2 branches of the dungeon, and saw 10 of its levels.
You also visited: Bailey.

You collected 920 gold pieces.
You spent 165 gold pieces at shops.

Inventory:

Hand Weapons
 h - a +1 dagger of venom
 z - the +8 dagger of the Shrike (melded) {heavy, rElec rPois Int+3 Stlth-}
   (You found it on level 5 of the Dungeon)

   Int:       It affects your intelligence (+3).
   rElec:     It insulates you from electricity.
   rPois:     It protects you from poison.
   Stlth:     It makes you less stealthy.
Missiles
 f - 126 stones
 i - 20 boomerangs
 s - 4 atropa-tipped darts
 t - 66 poisoned darts
 G - 8 curare-tipped darts
 I - 4 datura-tipped darts
Armour
 a - a +0 robe (melded)
 l - a +0 cloak (melded)
 v - a +0 pair of gloves (melded)
 B - a +0 pair of boots (melded)
 Q - the +1 robe of Beyond {Dex+3}
   (You found it on level 8 of the Dungeon)

   Dex:       It affects your dexterity (+3).
 R - a +0 troll leather armour
Jewellery
 M - a ring of ice
 N - a ring of flight
Wands
 x - a wand of flame (48)
 L - a wand of polymorph (8)
 O - a wand of charming (18)
Scrolls
 d - 2 scrolls of vulnerability
 e - a scroll of torment {unknown}
 g - a scroll of silence {unknown}
 j - 4 scrolls of fear
 n - a scroll of enchant armour {unknown}
 p - a scroll of identify
 q - 2 scrolls of amnesia {unknown}
 r - 2 scrolls of teleportation
 u - 2 scrolls of immolation
 w - a scroll of noise
 y - 2 scrolls of brand weapon {unknown}
 C - a scroll of blinking
 F - 2 scrolls of magic mapping {unknown}
 H - a scroll of poison {unknown}
 K - 2 scrolls of acquirement {unknown}
 P - 2 scrolls of fog {unknown}
Potions
 b - 4 potions of lignification
 c - 3 potions of might
 k - 2 potions of brilliance
 m - 2 potions of cancellation
 o - 4 potions of attraction
 A - 3 potions of mutation
 D - 2 potions of flight {unknown}
 E - 4 potions of curing
Miscellaneous
 J - a phial of floods


   Skills:
 + Level 6.9 Fighting
 + Level 6.3 Short Blades
 + Level 6.3 Long Blades
 + Level 6.3 Axes
 + Level 6.3 Maces & Flails
 + Level 6.3 Polearms
 + Level 6.3 Staves
 + Level 6.3 Ranged Weapons
 + Level 6.3 Throwing
 + Level 6.3 Armour
 + Level 7.9 Dodging
 + Level 6.3 Stealth
 + Level 6.3 Shields
 + Level 9.2 Unarmed Combat
 + Level 8.2 Spellcasting
 + Level 5.2 Conjurations
 + Level 5.2 Hexes
 + Level 5.2 Summonings
 + Level 5.2 Necromancy
 + Level 5.2 Translocations
 + Level 6.6 Transmutations
 + Level 5.2 Fire Magic
 + Level 5.2 Ice Magic
 + Level 5.2 Air Magic
 + Level 5.2 Earth Magic
 + Level 5.2 Poison Magic
 + Level 7.0 Invocations
 + Level 6.3 Evocations


You had 16 spell levels left.
You knew the following spells:

 Your Spells              Type           Power      Damage    Failure   Level
a - Beastly Appendage     Tmut           54%        N/A       4%          1
b - Wereblood             Tmut           27%        N/A       5%          2
c - Spider Form           Tmut/Pois      25%        N/A       11%         3
d - Ice Form              Ice/Tmut       25%        N/A       24%         4

Your spell library contained the following spells:

 Spells                   Type           Power      Damage    Failure   Level
 Sandblast                Erth           46%        2d11      6%          1
 Slow                     Hex            92%        N/A       6%          1
 Passwall                 Tmut/Erth      20%        N/A       7%          2
 Confusing Touch          Hex            23%        N/A       12%         3
 Stone Arrow              Conj/Erth      46%        3d9       12%         3
 Vampiric Draining        Necr           23%        2d7       12%         3
 Animate Armour           Summ/Erth      46%        N/A       30%         4
 Lehudib's Crystal Spear  Conj/Erth      11%        10d4      100%        8


Dungeon Overview and Level Annotations

Branches:
Dungeon (9/15)             Temple (1/1) D:5          Bailey (visited)
   Lair: D:8-11         Orc: D:9-12

Altars:
Hepliaklqana
Nemelex Xobeh
Qazlal

Shops:
D:6 ?


Innate Abilities, Weirdness & Mutations

You are a venomous arachnid creature.
You have venomous fangs.
You are tiny and dextrous.
Your spellcasting is less reliable in this form.
Your armour is entirely melded.
You are incapable of wielding weapons or throwing items.
((You have very sharp teeth.))
Your uncanny sense of smell can sniff out nearby items.
Your experience applies equally to all skills.


Message History

You feel a bit more experienced.
Your Invocations skill increases to level 7!
t - 66 poisoned darts (gained 5)
You see here a +0 dagger.
q - 2 scrolls labelled IQURPH UPOUWO (gained 1)
Things that are here:
a +0 dagger; a +0 robe; a human corpse Your raiju disappears in a puff of smoke!
Your ice beast disappears in a puff of smoke!
Your fire vortex disappears in a puff of smoke!
Magic restored.
A kobold comes into view. It is wielding a +0 club.
You see here a +0 dagger.
A centaur warrior comes into view. It is wielding a +0 war axe.
The kobold hits you but does no damage.
The centaur warrior shouts!
You punch the kobold! You freeze the kobold.
You kill the kobold!
The centaur warrior unwields a +0 war axe.
The centaur warrior wields a +0 shortbow.
The centaur warrior shoots an arrow.
The arrow hits you!!
The centaur warrior shoots an arrow.
The arrow hits you!!
* * * LOW HITPOINT WARNING * * *
Things that are here:
a +0 club; a kobold corpse You warm up again.
The +8 dagger of the Shrike {heavy, rElec rPois Int+3 Stlth-} unmelds from your body.
Your +0 cloak unmelds from your body.
Your +0 pair of gloves unmelds from your body.
Your +0 pair of boots unmelds from your body.
Your +0 robe unmelds from your body.
You turn into a venomous arachnid creature.
The +8 dagger of the Shrike {heavy, rElec rPois Int+3 Stlth-} melds into your body.
Your +0 cloak melds into your body.
Your +0 pair of gloves melds into your body.
Your +0 pair of boots melds into your body.
Your +0 robe melds into your body.
The centaur warrior shoots an arrow.
The arrow hits you!!
You die...
Your body glows with a rainbow of weird colours and disappears.

..# ######.......................
.T# #....................... ..#
#.......................
..########................)......
..............................)..
..#########..............########
..# #...)..........# #.#
#..............# #.#
#.....s.c......#
#†#########..............#
#.†......).).............#
#.........).)............#
#†.[?.....)..)##########'#
..)..).......###########.#
#.......:...##### ∆ .
#...........###∆ #...........###


You could see a centaur warrior.

Vanquished Creatures
  2 two-headed ogres
  An orc knight (Bailey)
  A mana viper (D:9)
  A troll (D:9)
  A shadow (D:5)
  A chaos spawn (D:9)
  2 vampire mosquitoes (D:9)
  Edmund (D:5)
  An acid dragon (D:8)
  2 water moccasins
  A sky beast (D:6)
  A black bear (D:9)
  6 ice beasts
  4 orc warriors
  4 centaurs
  9 kobold brigands
  2 bullfrogs
  3 scorpions
  2 necrophages
  7 killer bees
  2 jellies
  5 orc priests
  A hound (D:6)
  Terence (D:2)
  5 iguanas
  5 orc wizards
  5 gnolls
  5 adders
  A shadow imp (D:3)
  2 white imps
  3 worms
  7 dart slugs
  31 orcs
  8 endoplasms
  3 giant cockroaches
  7 goblins
  3 hobgoblins
  6 jackals
  49 kobolds
  2 quokkas
  12 ball pythons
  6 bats
  3 frilled lizards
  7 rats
231 creatures vanquished.

Vanquished Creatures (collateral kills)
  A wizard (D:9)
  A kobold demonologist (D:9)
  A troll (D:9)
  A vampire mosquito (D:9)
  3 kobold brigands (D:9)
7 creatures vanquished.

Grand Total: 238 creatures vanquished

Notes
Turn   | Place    | Note
-------+----------+-------------------------------------------
     0 | D:1      | themarg the Gnoll Transmuter began the quest for the Orb.
     0 | D:1      | Reached XP level 1. HP: 17/17 MP: 6/6
    76 | D:1      | Reached XP level 2. HP: 22/23 MP: 7/7
    79 | D:1      | Learned a level 2 spell: Wereblood
   253 | D:1      | Reached skill level 5 in Spellcasting
   253 | D:1      | Reached XP level 3. HP: 23/28 MP: 7/9
   257 | D:1      | Learned a level 3 spell: Spider Form
   334 | D:1      | Reached skill level 1 in Invocations
   789 | D:2      | Reached skill level 1 in Short Blades
   789 | D:2      | Reached skill level 1 in Long Blades
   789 | D:2      | Reached skill level 1 in Axes
   789 | D:2      | Reached skill level 1 in Maces & Flails
   789 | D:2      | Reached skill level 1 in Polearms
   789 | D:2      | Reached skill level 1 in Staves
   789 | D:2      | Reached skill level 1 in Ranged Weapons
   789 | D:2      | Reached skill level 1 in Throwing
   789 | D:2      | Reached skill level 1 in Armour
   789 | D:2      | Reached skill level 1 in Stealth
   789 | D:2      | Reached skill level 1 in Shields
   789 | D:2      | Reached skill level 1 in Evocations
  1179 | D:2      | Reached XP level 4. HP: 34/34 MP: 9/11
  1203 | D:2      | Noticed Terence
  1218 | D:2      | Killed Terence
  1219 | D:2      | Reached skill level 1 in Conjurations
  1219 | D:2      | Reached skill level 1 in Hexes
  1219 | D:2      | Reached skill level 1 in Summonings
  1219 | D:2      | Reached skill level 1 in Necromancy
  1219 | D:2      | Reached skill level 1 in Translocations
  1219 | D:2      | Reached skill level 1 in Fire Magic
  1219 | D:2      | Reached skill level 1 in Ice Magic
  1219 | D:2      | Reached skill level 1 in Air Magic
  1219 | D:2      | Reached skill level 1 in Earth Magic
  1219 | D:2      | Reached skill level 1 in Poison Magic
  1467 | D:2      | Reached XP level 5. HP: 23/40 MP: 7/12
  2063 | D:3      | Noticed an ice beast
  2079 | D:3      | Killed an ice beast
  2080 | D:3      | Reached XP level 6. HP: 13/47 MP: 9/14
  2090 | D:3      | Reached skill level 5 in Dodging
  2322 | D:3      | Found a sparkling altar of Nemelex Xobeh.
  2327 | D:3      | Became a worshipper of Nemelex Xobeh the Trickster
  3096 | D:4      | Reached * piety under Nemelex Xobeh
  3583 | D:4      | Reached XP level 7. HP: 52/52 MP: 8/15
  3639 | D:4      | You fall into a shaft and drop 2 floors!
  3668 | D:5      | Entered Level 5 of the Dungeon
  3704 | D:5      | Noticed a shadow
  3713 | D:5      | Killed a shadow
  3714 | D:5      | Reached skill level 7 in Unarmed Combat
  3747 | D:5      | Noticed Edmund
  3763 | D:5      | Killed Edmund
  4195 | D:5      | Received a gift from Nemelex Xobeh
  4235 | D:5      | Reached XP level 8. HP: 60/60 MP: 14/16
  4418 | D:5      | Found a staircase to the Ecumenical Temple.
  4438 | Temple   | Entered the Ecumenical Temple
  4587 | D:5      | Identified the +8 dagger of the Shrike {heavy, rElec rPois
                  | Int+3 Stlth-}
  4663 | D:5      | Reached ** piety under Nemelex Xobeh
  4916 | D:6      | Found Vubbaqupt's Magic Scroll Boutique.
  4952 | D:6      | Bought a scroll of blinking for 75 gold pieces
  4952 | D:6      | Bought a scroll of identify for 20 gold pieces
  4952 | D:6      | Bought a scroll of identify for 20 gold pieces
  4952 | D:6      | Bought a scroll of teleportation for 30 gold pieces
  4952 | D:6      | Bought a scroll of identify for 20 gold pieces
  5149 | D:6      | Reached skill level 5 in Transmutations
  5446 | D:6      | Reached XP level 9. HP: 47/67 MP: 14/18
  5689 | D:6      | Learned a level 4 spell: Ice Form
  5788 | D:7      | Reached *** piety under Nemelex Xobeh
  5858 | D:7      | Reached skill level 5 in Fighting
  5864 | D:7      | Found a flagged portal.
  5870 | Bailey   | Entered a bailey
  5986 | Bailey   | Reached skill level 8 in Unarmed Combat
  6055 | Bailey   | Found an iron altar of Okawaru.
  6055 | Bailey   | Noticed an orc knight
  6076 | Bailey   | Killed an orc knight
  6077 | Bailey   | Reached skill level 5 in Invocations
  6310 | D:7      | Received a gift from Nemelex Xobeh
  6354 | D:7      | Found a stormy altar of Qazlal.
  6711 | D:7      | Found a faded altar of an unknown god.
  6714 | D:7      | Found a faded altar of an unknown god.
  6714 | D:7      | Found a hazy altar of Hepliaklqana.
  6872 | D:7      | Received a gift from Nemelex Xobeh
  6906 | D:7      | Reached skill level 5 in Short Blades
  6906 | D:7      | Reached skill level 5 in Long Blades
  6906 | D:7      | Reached skill level 5 in Axes
  6906 | D:7      | Reached skill level 5 in Maces & Flails
  6906 | D:7      | Reached skill level 5 in Polearms
  6906 | D:7      | Reached skill level 5 in Staves
  6906 | D:7      | Reached skill level 5 in Ranged Weapons
  6906 | D:7      | Reached skill level 5 in Throwing
  6906 | D:7      | Reached skill level 5 in Armour
  6906 | D:7      | Reached skill level 5 in Stealth
  6906 | D:7      | Reached skill level 5 in Shields
  6906 | D:7      | Reached skill level 5 in Evocations
  6965 | D:7      | Reached XP level 10. HP: 71/71 MP: 15/20
  7196 | D:8      | Noticed a two-headed ogre
  7209 | D:8      | Killed a two-headed ogre
  7487 | D:8      | Received a gift from Nemelex Xobeh
  7548 | D:8      | Reached **** piety under Nemelex Xobeh
  7833 | D:8      | Received a gift from Nemelex Xobeh
  7949 | D:8      | Identified the +1 robe of Beyond {Dex+3}
  8223 | D:9      | Noticed a two-headed ogre
  8229 | D:9      | Killed a two-headed ogre
  8513 | D:9      | HP: 3/92 [vampire mosquito (3)]
  8815 | D:9      | Noticed a two-headed ogre
  8817 | D:9      | a two-headed ogre changed into a mana viper
  8817 | D:9      | Noticed a mana viper
  8820 | D:9      | Killed a mana viper
  8844 | D:9      | Noticed an orange demon
  8849 | D:9      | an orange demon changed into a chaos spawn
  8851 | D:9      | Reached skill level 9 in Unarmed Combat
  8852 | D:9      | Noticed Amaemon
  8860 | D:9      | Reached skill level 5 in Conjurations
  8860 | D:9      | Reached skill level 5 in Hexes
  8860 | D:9      | Reached skill level 5 in Summonings
  8860 | D:9      | Reached skill level 5 in Necromancy
  8860 | D:9      | Reached skill level 5 in Translocations
  8860 | D:9      | Reached skill level 5 in Fire Magic
  8860 | D:9      | Reached skill level 5 in Ice Magic
  8860 | D:9      | Reached skill level 5 in Air Magic
  8860 | D:9      | Reached skill level 5 in Earth Magic
  8860 | D:9      | Reached skill level 5 in Poison Magic
  8860 | D:9      | Amaemon changed into Amaemon the black bear
  8860 | D:9      | Noticed Amaemon
  8870 | D:9      | Killed Amaemon the black bear
  8871 | D:9      | Reached XP level 11. HP: 83/83 MP: 17/22
  8969 | D:9      | Identified the +1 long sword of the Green God {elec, rF+
                  | rN++ Str-3}
  9028 | D:9      | Noticed a wizard
  9041 | D:9      | Killed a wizard
  9073 | D:9      | Noticed a centaur warrior
  9077 | D:9      | Shot with an arrow by a centaur warrior

Illustrated notes

Levels and vault maps discovered:
D:1:      evilmike_arrival_hilbert_curve, layout_basic
D:2:      layout_loops_ring, uniq_terence
D:3:      layout_basic, nemelex_spade_bored_becter
D:4:      layout_gridville
D:5:      layout_cave_pools, minmay_temple_entry_mist, uniq_edmund
D:6:      layout_cave_pools, serial_shops, shop_statue, kennysheep_diamond
D:7:      layout_basic, nicolae_hepliaklqana_ecumenical_no_more,
          mainiacjoe_overflow_tiny_flanked, enter_bailey_4
D:8:      nicolae_BIG_FREAKIN_CUBE, layout_basic
D:9:      hangedman_cross_veins, layout_small_grid, ebering_ghost_disaster_area,
          special_room [special_room_kobold], uniq_amaemon
Temple:   mainiacjoe_temple_coin_purse

Skill      XL: |  1  2  3  4  5  6  7  8  9 10 11 |
---------------+----------------------------------+-----
Spellcasting   | 5 6 7 8 |  8.2
Invocations    | 1 2 3 4 5 6 7 |  7.0
Short Blades   | 1 2 3 5 6 |  6.3
Long Blades    | 1 2 3 5 6 |  6.3
Axes           | 1 2 3 5 6 |  6.3
Maces & Flails | 1 2 3 5 6 |  6.3
Polearms       | 1 2 3 5 6 |  6.3
Staves         | 1 2 3 5 6 |  6.3
Ranged Weapons | 1 2 3 5 6 |  6.3
Throwing       | 1 2 3 5 6 |  6.3
Armour         | 1 2 3 5 6 |  6.3
Stealth        | 1 2 3 5 6 |  6.3
Shields        | 1 2 3 5 6 |  6.3
Evocations     | 1 2 3 5 6 |  6.3
Conjurations   | 1 2 3 4 5 |  5.2
Hexes          | 1 2 3 4 5 |  5.2
Summonings     | 1 2 3 4 5 |  5.2
Necromancy     | 1 2 3 4 5 |  5.2
Translocations | 1 2 3 4 5 |  5.2
Fire Magic     | 1 2 3 4 5 |  5.2
Ice Magic      | 1 2 3 4 5 |  5.2
Air Magic      | 1 2 3 4 5 |  5.2
Earth Magic    | 1 2 3 4 5 |  5.2
Poison Magic   | 1 2 3 4 5 |  5.2
Fighting       | 3 4 5 6 |  6.9
Transmutations | 4 5 6 |  6.6
Dodging        | 5 6 7 |  7.9
Unarmed Combat | 7 8 9 |  9.2

Action                   |  1- 3 |  4- 6 |  7- 9 | 10-12 || total
-------------------------+-------+-------+-------+-------++-------
Melee: Unarmed           |    75 |   123 |   273 |   122 ||   593
       Headbutt          |    11 |       |       |       ||    11
       Kick              |    14 |     2 |       |       ||    16
       Bite              |     3 |       |       |       ||     3
       Punch             |     1 |       |       |       ||     1
       Dagger            |       |       |       |     1 ||     1
 Cast: Beastly Appendage |    19 |     3 |       |       ||    22
       Wereblood         |     3 |     2 |    10 |     4 ||    19
       Spider Form       |       |    25 |    30 |     3 ||    58
       Ice Form          |       |       |     7 |    11 ||    18
Invok: Draw Destruction  |       |       |       |    21 ||    21
       Draw Escape       |       |       |       |     3 ||     3
       Draw Summoning    |       |       |       |     3 ||     3
Evoke: Wand              |       |       |     7 |       ||     7
  Use: Scroll            |       |     5 |     6 |       ||    11
       Potion            |       |       |     3 |     2 ||     5
 Stab: Sleeping          |       |     5 |     6 |     1 ||    12
Armor: Robe              |    17 |       |     2 |     1 ||    20
       Skin              |       |     3 |    90 |    34 ||   127
Dodge: Dodged            |    55 |    81 |   224 |   126 ||   486

Table legend: (Time is in decaauts)
 A = Elapsed time spent in this place.
 B = Non-inter-level travel time spent in this place.
 C = Inter-level travel time spent in this place.
 D = Time resting spent in this place.
 E = Time spent auto-exploring this place.
 F = Levels seen in this place.
 G = Mean time per level.
                   A        B        C        D        E       F      G
               +--------+--------+--------+--------+--------+-----+--------+
         Total |   9003 |   8761 |    242 |    118 |   6956 |  11 |  818.5 |
       Dungeon |   8632 |   8390 |    242 |    116 |   6686 |   9 |  959.1 |
        Temple |      1 |      1 |      0 |      0 |      0 |   1 |    1.0 |
        Bailey |    368 |    368 |      0 |      2 |    269 |   1 |  368.0 |
               +--------+--------+--------+--------+--------+-----+--------+

Top non-repeatable levels by time:
     D:3: 1145 daAuts
     D:2: 1097 daAuts
     D:8: 1043 daAuts
     D:7: 1041 daAuts
     D:4: 965 daAuts
     D:6: 934 daAuts
     D:9: 861 daAuts
     D:5: 775 daAuts
     D:1: 769 daAuts
  Bailey: 368 daAuts
  Temple: 1 daAuts
